AoeStats
← Tomate

Arena

509223717Analyzed
2v2 RM · 8d ago on Sep 26, 2026· 60m 0s· 4 players
Game mode
Random Map
Map size
Medium (4 player)
Population
200
Speed
Normal
Resources
Standard
Victory
Conquest
Starting age
Dark Age
Ending age
Imperial Age
RankedLock teamsTeams togetherTeam positionsShared explorationLock speedFull tech treeHidden civsTurbo modeCheats
Victory
Defeat
🇨🇱 Turks · Chile
948
+20
🇨🇱 Spanish · Chile
947
+20
🇩🇪 Shu · Germany
1074
-21
🇩🇪 Khmer · Germany
999
-19
nnickk0
10:11 Feudal Age
15:00 Castle Age
13:16 Double-Bit Axe
13:42 Horse Collar
17:38 Wheelbarrow
18:44 Bow Saw
19:26 Heavy Plow
21:10 Hand Cart
22:29 Gold Mining
22:43 Town Watch
22:44 Loom
25:38 Gold Shaft Mining
28:32 Imperial Age
26:25 Stone Mining
30:45 Two-Man Saw
29:59 Town Patrol
30:18 Bloodlines
30:08 Husbandry
30:04 Fletching
30:15 Padded Archer Armor
31:40 Caravan
32:45 Ballistics
34:37 Guilds
34:55 Conscription
35:31 Fervor
35:25 Atonement
37:14 Murder Holes
37:32 Masonry
37:35 Fortified Wall
37:04 Elite Janissary
38:09 Scale Barding Armor
38:29 Leather Archer Armor
38:09 Bodkin Arrow
38:16 Scale Mail Armor
43:13 Bracer
43:34 Chain Barding Armor
44:21 Heavy Camel Rider
56:42 Plate Barding Armor
56:40 Ring Archer Armor
56:26 Chain Mail Armor
Tomate
10:58 Feudal Age
15:10 Castle Age
13:12 Double-Bit Axe
13:40 Horse Collar
14:41 Town Watch
16:41 Bow Saw
17:32 Wheelbarrow
18:41 Heavy Plow
19:51 Fervor
23:27 Hand Cart
23:13 Stone Mining
23:25 Loom
23:55 Town Watch
28:24 Imperial Age
26:56 Inquisition
27:48 Stone Shaft Mining
27:41 Bloodlines
27:32 Husbandry
27:46 Gold Mining
27:54 Fletching
28:19 Forging
28:47 Scale Barding Armor
30:34 Conscription
31:00 Chain Barding Armor
31:16 Iron Casting
30:37 Bodkin Arrow
30:56 Cavalier
32:45 Two-Man Saw
32:26 Block Printing
32:41 Illumination
33:03 Theocracy
33:16 Plate Barding Armor
33:33 Town Patrol
33:39 Bracer
34:22 Ballistics
33:59 Murder Holes
35:33 Sanctity
36:16 Caravan
37:29 Blast Furnace
36:30 Scale Mail Armor
37:06 Squires
36:26 Pikeman
36:53 Gambesons
37:34 Halberdier
39:26 Chain Mail Armor
40:28 Supremacy
39:31 Elite Conquistador
42:30 Arson
46:30 Guilds
48:00 Plate Mail Armor
47:30 Padded Archer Armor
50:25 Leather Archer Armor
51:44 Supremacy
52:00 Hoardings
52:08 Man-at-Arms
54:56 Chemistry
TA388959
12:09 Feudal Age
12:49 Double-Bit Axe
12:49 Horse Collar
17:54 Castle Age
16:22 Scale Barding Armor
16:50 Stone Mining
17:08 Gold Mining
17:32 Forging
19:17 Bow Saw
19:44 Chain Barding Armor
23:50 Wheelbarrow
23:37 Heavy Plow
23:24 Loom
24:57 Gold Shaft Mining
24:24 Fletching
31:29 Imperial Age
29:42 Hand Cart
29:42 Bodkin Arrow
30:19 Husbandry
31:55 Ballistics
31:46 Fortified Wall
31:32 Murder Holes
31:48 Heavy Hei Guang Cavalry
32:54 Bracer
33:59 Plate Barding Armor
34:41 Chemistry
35:46 Two-Man Saw
35:22 Town Watch
35:41 Padded Archer Armor
35:12 Light Cavalry
36:28 Town Patrol
36:47 Leather Archer Armor
35:55 Elite Skirmisher
36:40 Thumb Ring
37:33 Bolt Magazine
37:48 Coiled Serpent Array
39:03 Ring Archer Armor
45:17 Caravan
45:50 Coinage
45:32 Guilds
46:33 Conscription
46:50 Hoardings
47:17 Pikeman
47:58 Squires
48:33 Scale Mail Armor
49:10 Halberdier
51:07 Chain Mail Armor
58:51 Plate Mail Armor
Semih373
11:11 Feudal Age
12:39 Double-Bit Axe
20:05 Castle Age
18:01 Gold Mining
18:34 Horse Collar
25:14 Imperial Age
25:53 Imperial Age
26:33 Wheelbarrow
28:52 Bow Saw
28:53 Heavy Plow
30:00 Hand Cart
30:32 Crop Rotation
31:27 Fletching
32:53 Scale Barding Armor
32:45 Bodkin Arrow
33:04 Masonry
33:21 Stone Mining
34:06 Gold Shaft Mining
34:16 Forging
34:37 Ballistics
35:30 Murder Holes
35:08 Light Cavalry
36:17 Bloodlines
37:16 Fortified Wall
37:23 Bracer
38:27 Chemistry
37:40 Husbandry
38:01 Chain Barding Armor
38:28 Padded Archer Armor
38:09 Hussar
38:54 Double Crossbow
40:37 Plate Barding Armor
40:42 Conscription
40:31 Elite Ballista Elephant
41:46 Architecture
42:02 Iron Casting
43:26 Heavy Scorpion
46:11 Hoardings
47:19 Caravan
52:33 Pikeman
53:18 Halberdier
57:36 Scale Mail Armor
59:19 Blast Furnace
Connection lost

Rejoining the realm…

Still unreachable

The connection could not be restored.

Session expired

The server has moved on; the page needs a fresh start.